 Dungeon Crawl Stone Soup version 0.27-a0-1555-g0e7b3fb1d2 (webtiles) character file.

Game seed: 10181514378311832187

236 octoduck the Digger (level 6, -2/32 HPs)
             Began as a Gargoyle Earth Elementalist on July 14, 2021.
             Was an Initiate of Vehumet.
             Slain by a phantom (6 damage)
             ... on level 4 of the Dungeon on July 15, 2021.
             The game lasted 00:17:05 (5876 turns).

octoduck the Digger (Gargoyle Earth Elementalist)   Turns: 5876, Time: 00:17:05

Health: -2/32      AC:  6    Str: 12    XL:     6   Next: 6%
Magic:  17/18      EV: 11    Int: 17    God:    Vehumet [......]
Gold:   177        SH:  0    Dex: 10    Spells: 7/9 levels left

rFire    + . .     SeeInvis .   c - +1 dagger (pain)
rCold    . . .     Faith    .   (no shield)
rNeg     + . .     Spirit   .   b - +0 robe
rPois    ∞         Reflect  .   (no helmet)
rElec    +         Harm     .   (no cloak)
rCorr    .         Rampage  .   (no gloves)
Will     .....                  (no boots)
Stlth    ++........             h - amulet of magic regeneration
HPRegen  0.10/turn              a - ring of magical power
MPRegen  0.41/turn              e - ring of protection from fire

@: no status effects
A: sickness immunity, AC +4, negative energy resistance 1, electricity
resistance, torment resistance 1, petrification resistance
a: Renounce Religion


You were on level 4 of the Dungeon.
You worshipped Vehumet.
Vehumet was noncommittal.
You visited 2 branches of the dungeon, and saw 5 of its levels.
You also visited: Sewer.

You collected 177 gold pieces.

Inventory:

Hand Weapons
 c - a +1 dagger of pain (weapon)
Armour
 b - a +0 robe (worn)
 f - a +0 leather armour
Jewellery
 a - a ring of magical power (left hand)
 e - a ring of protection from fire (right hand)
 h - an amulet of magic regeneration (around neck)
 i - a ring of resist corrosion
Scrolls
 q - a scroll of magic mapping
Potions
 d - a potion of curing
 g - 3 potions of mutation {unknown}
 j - a potion of flight {unknown}
 l - a potion of attraction {unknown}
 m - a potion of heal wounds {unknown}
 n - a potion of cancellation {unknown}
 o - 2 potions of ambrosia {unknown}
 p - a potion of brilliance {unknown}


   Skills:
 - Level 1.5 Dodging
 - Level 2.1 Stealth
 - Level 2.0 Spellcasting
 + Level 1.1 Conjurations
 - Level 0.7 Transmutations
 + Level 1.0 Fire Magic
 - Level 7.5 Earth Magic


You had 7 spell levels left.
You knew the following spells:

 Your Spells              Type           Power      Damage    Failure   Level
a - Sandblast             Erth           54%        2d13      1%          1
b - Foxfire               Conj/Fire      20%        2x1d5     12%         1

Your spell library contained the following spells:

 Spells                   Type           Power      Damage    Failure   Level
 Passwall                 Tmut/Erth      12%        N/A       5%          2
 Stone Arrow              Conj/Erth      32%        3d9       10%         3
 Petrify                  Tmut/Erth      15%        N/A       34%         4
 Conjure Flame            Conj/Fire      5%         6-21      36%         3
 Inner Flame              Hex/Fire       3%         N/A       43%         3


Dungeon Overview and Level Annotations

Branches:
Dungeon (4/15)             Temple (1/1) D:4           Sewer (visited)

Altars:
Ashenzari
Cheibriados
Dithmenos
Elyvilon
Fedhas
Gozag
Hepliaklqana
Kikubaaqudgha
Makhleb
Nemelex Xobeh
Okawaru
Qazlal
Ru
Sif Muna
Trog
Uskayaw
Vehumet
Wu Jian
Xom
Zin
The Shining One

Annotations:
D:4 exclusion: upstairs, Edmund


Innate Abilities, Weirdness & Mutations

You are immune to sickness and miasma.
Your stone body is resilient. (AC +4)
You are immune to poison.
You resist negative energy. (rN+)
You are resistant to electric shocks. (rElec)
You are resistant to unholy torment.
You are immune to petrification.


Message History

The phantom is heavily damaged.
The phantom hits you but does no damage.
Casting: Foxfire (safe; 12% risk of failure)
Confirm with . or Enter, or press ? or * to list all spells.
You conjure some foxfire!
The phantom misses you.
The foxfire hits the phantom but does no damage.
The phantom is heavily damaged.
The foxfire hits the phantom.
The phantom is severely damaged.
The phantom barely misses you.
Casting: Foxfire (safe; 12% risk of failure)
Confirm with . or Enter, or press ? or * to list all spells.
You conjure some foxfire!
The phantom barely misses you.
The foxfire hits the phantom but does no damage.
The phantom is severely damaged.
The foxfire hits the phantom.
The phantom is severely damaged.
The phantom hits you.
The phantom blinks!
You blink.
Casting: Foxfire (safe; 12% risk of failure)
Confirm with . or Enter, or press ? or * to list all spells.
You conjure some foxfire!
The phantom hits you but does no damage.
The foxfire hits the phantom.
The phantom is severely damaged.
The foxfire hits the phantom but does no damage.
The phantom is severely damaged.
The phantom hits you.
Casting: Foxfire (safe; 12% risk of failure)
Confirm with . or Enter, or press ? or * to list all spells.
You conjure some foxfire!
The phantom hits you.
* * * LOW HITPOINT WARNING * * *
The foxfire hits the phantom but does no damage.
The phantom is severely damaged.
The foxfire hits the phantom but does no damage.
The phantom is severely damaged.
The phantom barely misses you.
Casting: Foxfire (safe; 12% risk of failure)
Confirm with . or Enter, or press ? or * to list all spells.
You conjure some foxfire!
The phantom hits you.
You die...

#.##...##≈#≈#.#≈#.# #.
........#÷#≈###≈#≈# #.
#.##...##.#.≈≈.##≈# #######.
#......##≈#######.# #.......
#......###≈≈≈≈≈≈≈## #.#####.
###...## ############ #.# #.
##.## #......# #.# #. #.#
#..v§..# #.# #. #.# #..@...# #.#
## ##'## ##vW...# #.# ##...##
#.....# #.# ##.....## ####.###
#.### #......S## ##.#>..##
####.#.###
.........####.......###........##
.........'.............(.........
.........####.......###.###.....#
........## ##.#...## #.####.#..#


You could see a phantom (ally target).

Vanquished Creatures
  An orc priest (D:4)
  A hound (D:4)
  A river rat (Sewer)
  7 adders
  An adder skeleton (D:4)
  3 worms
  7 orcs
  9 ball pythons
  9 endoplasms
  6 giant cockroaches
  2 goblins
  4 hobgoblins
  4 jackals
  10 kobolds
  2 quokkas
  7 bats
  7 frilled lizards
  10 rats
91 creatures vanquished.

Vanquished Creatures (others)
  19 foxfires (D:4)
19 creatures vanquished.

Grand Total: 110 creatures vanquished

Notes
Turn   | Place    | Note
-------+----------+-------------------------------------------
     0 | D:1      | octoduck the Gargoyle Earth Elementalist began the quest
                  | for the Orb.
     0 | D:1      | Reached XP level 1. HP: 10/10 MP: 3/3
   305 | D:1      | Reached skill level 4 in Earth Magic
   357 | D:1      | Reached XP level 2. HP: 15/15 MP: 5/5
   931 | D:2      | Reached skill level 5 in Earth Magic
   931 | D:2      | Reached XP level 3. HP: 15/19 MP: 6/6
  1378 | D:2      | Reached XP level 4. HP: 24/24 MP: 7/7
  1606 | D:3      | Reached skill level 6 in Earth Magic
  2303 | D:3      | Reached XP level 5. HP: 23/28 MP: 8/8
  2662 | D:4      | Reached skill level 7 in Earth Magic
  2848 | D:4      | Found a glowing drain.
  2852 | Sewer    | Entered a sewer
  3244 | Sewer    | Noticed a kobold brigand
  3395 | D:4      | Noticed Edmund
  3894 | D:4      | Noticed an ogre
  4326 | D:3      | Learned a level 1 spell: Foxfire
  4527 | D:4      | Noticed a phantom
  4708 | D:4      | Found a staircase to the Ecumenical Temple.
  4714 | Temple   | Entered the Ecumenical Temple
  5005 | Temple   | Became a worshipper of Vehumet
  5512 | D:4      | Reached skill level 1 in Conjurations
  5512 | D:4      | Reached skill level 1 in Fire Magic
  5512 | D:4      | Reached XP level 6. HP: 9/32 MP: 9/9
  5876 | D:4      | Slain by a phantom

Illustrated notes

Levels and vault maps discovered:
D:1:      sevenhm_arrival_forest_fort_large_1, layout_rooms
D:2:      layout_basic
D:3:      layout_basic, corexii_leaking_fountain,
          wander_ebering_terrifying_dragon_lair
D:4:      layout_loops_corners, minmay_temple_entry_enclosed_plants,
          gup_sewer_entry_spiral, chequers_serial_rivers_micro_c, uniq_edmund
Temple:   regret_index_temple_sigil_plot

Skill      XL: |  1  2  3  4  5 |
---------------+----------------+-----
Earth Magic    | 4 5 6 7 |  7.5
Conjurations   | 1 |  1.1
Fire Magic     | 1 |  1.0
Dodging        | |  1.5
Stealth        | |  2.1
Spellcasting   | |  2.0
Transmutations | |  0.7

Action                   |  1- 3 |  4- 6 || total
-------------------------+-------+-------++-------
Melee: Rapier            |     2 |    68 ||    70
       Dagger            |       |    56 ||    56
 Cast: Sandblast         |    50 |    42 ||    92
       Foxfire           |       |    11 ||    11
  Use: Scroll            |       |     5 ||     5
       Potion            |       |     2 ||     2
 Stab: Sleeping          |       |     1 ||     1
Armor: Robe              |     2 |    49 ||    51
       Skin              |       |    16 ||    16
Dodge: Dodged            |     7 |   101 ||   108

Table legend: (Time is in decaauts)
 A = Elapsed time spent in this place.
 B = Non-inter-level travel time spent in this place.
 C = Inter-level travel time spent in this place.
 D = Time resting spent in this place.
 E = Time spent auto-exploring this place.
 F = Levels seen in this place.
 G = Mean time per level.
                   A        B        C        D        E       F      G
               +--------+--------+--------+--------+--------+-----+--------+
         Total |   5971 |   5473 |    498 |   2167 |   1956 |   6 |  995.2 |
       Dungeon |   5208 |   4743 |    465 |   1899 |   1671 |   4 | 1302.0 |
        Temple |    300 |    267 |     33 |      0 |    265 |   1 |  300.0 |
         Sewer |    462 |    462 |      0 |    268 |     20 |   1 |  462.0 |
               +--------+--------+--------+--------+--------+-----+--------+

Top non-repeatable levels by time:
     D:3: 2098 daAuts
     D:4: 1476 daAuts
     D:1: 916 daAuts
     D:2: 717 daAuts
   Sewer: 462 daAuts
  Temple: 300 daAuts
